 Dungeon Crawl Stone Soup version 0.32-a0-422-g28b100f618 (webtiles) character file.

Game seed: 1675036889311800686

149 ezpacito the Trooper (level 5, -1/41 HPs)
             Began as a Coglin Chaos Knight on Feb 22, 2024.
             Was a Plaything of Xom.
             Slain by a cerulean imp
             ... wielding a +3 spear
             ... summoned by Natasha
              (3 damage)
             ... on level 2 of the Dungeon.
             The game lasted 00:02:49 (1612 turns).

ezpacito the Trooper (Coglin Chaos Knight)          Turns: 1612, Time: 00:02:50

Health: -1/41      AC:  6    Str: 14    XL:     5   Next: 31%
Magic:  7/7        EV:  9    Int: 11    God:    Xom [.....*]
Gold:   95         SH:  0    Dex: 14    Spells: 3/6 levels left

rFire   + . .        a - +0 hand axe (chaos) {Caihong}
rCold   + . .        (no shield)
rNeg    . . .        m - +0 scale mail
rPois   +            (no helmet)
rElec   +            (no cloak)
rCorr   +            (no gloves)
SInv    .            (no boots)
Will    .....        (no amulet) Stlth
                     (no ring)
HPRegen 0.26/turn    (no ring)
MPRegen 0.10/turn

%: no passive effects
@: resistant, revved
A: off-hand wielding, slow wielding, warmup strikes, legs shutdown
a: Renounce Religion


You were on level 2 of the Dungeon.
You worshipped Xom.
You were Xom's teddy bear.
You visited 1 branch of the dungeon, and saw 3 of its levels.

You collected 95 gold pieces.

Inventory:

Hand Weapons
 a - a +0 hand axe of chaos (weapon) {Caihong}
Armour
 b - a +2 leather armour
 m - a +0 scale mail (worn)
Talismans
 e - a flux talisman
Scrolls
 c - a scroll of butterflies
 d - a scroll of identify {unknown}
 g - a scroll of blinking {unknown}
 h - a scroll of amnesia {unknown}
 i - a scroll of revelation {unknown}
 k - a scroll of teleportation {unknown}
 l - a scroll of vulnerability {unknown}
 n - a scroll of immolation {unknown}


   Skills:
 * Level 3.6 Fighting
 * Level 3.5 Axes
 * Level 2.2 Armour
 * Level 1.6 Dodging
 + Level 0.9 Stealth
 + Level 0.8 Unarmed Combat
 * Level 1.3 Spellcasting
 + Level 0.2 Conjurations
 + Level 0.7 Air Magic
 * Level 0.6 Alchemy


You had 3 spell levels left.
You knew the following spells:

 Your Spells              Type           Power      Damage    Failure   Level
a - Mephitic Cloud        Conj/Alch/Air  1%         N/A       97%         3

Your spell library contained the following spells:

 Spells                   Type           Power      Damage    Failure   Level
 Mercury Vapours          Alch/Air       4%         N/A       83%         2
 Summon Blazeheart Golem  Fire/Summ      0%         N/A       100%        4
 Freezing Cloud           Conj/Ice/Air   0%         6-21      100%        5
 Orb of Destruction       Conj           0%         9d5       100%        7
 Spellforged Servitor     Conj/Summ      0%         N/A       100%        7


Dungeon Overview and Level Annotations

Branches:
Dungeon (3/15)

Altars:

Annotations:
D:2 Natasha
D:3 Grinder


Innate Abilities, Weirdness & Mutations

You can wield a second weapon in your off-hand.
It takes a long time for you to wield or remove held weapons.
Your first few attacks do less damage.
Attacking and casting redirects power from your legs.


Message History

It was a potion of curing.
You feel better.
You are no longer unable to travel.
Natasha claws you but does no damage.
The cerulean imp hits you from afar with a +3 spear.
You hit Natasha.
Natasha is moderately wounded.
Natasha barely misses you. The cerulean imp completely misses you.
You hit Natasha but do no damage.
Natasha is moderately wounded.
Natasha stares at you and mumbles some strange words.
The magic dart hits you but does no damage.
The cerulean imp hits you from afar with a +3 spear.
Natasha closely misses you. The cerulean imp closely misses you.
You cannot move.
It was a potion of resistance.
You feel protected.
You are no longer unable to travel.
Natasha claws you but does no damage.
The cerulean imp hits you but does no damage.
Okay, then.
Casting: Mephitic Cloud (astonishingly dangerous; 97% risk of failure)
Confirm with . or Enter, or press ? or * to list all spells.
Okay, then.
You closely miss Natasha.
Natasha is moderately wounded.
Natasha claws you.
The cerulean imp hits you from afar with a +3 spear.
You hit Natasha but do no damage.
Natasha is moderately wounded.
Natasha claws you!
* * * LOW HITPOINT WARNING * * *
The cerulean imp closely misses you.
Unknown command.
You cannot move.
There are monsters nearby!
You are no longer unable to travel.
Natasha claws you.
* * * LOW HITPOINT WARNING * * *
The cerulean imp hits you from afar with a +3 spear.
You die...
Xom guffaws!

#.# ###...### #.#
#####.#######...## #.#######
......†..........# #........
###.#.#####.###..################
#.#.# #..# #........# # ###.#.#
#..###..#####.## # ......#
#.#...#.####...######### .##.###
#.##..>...)...........## .##.#
#.#####@h5.............. ###.#
#.# ###.........##...# ###.# #.#
#..............# ....# #>#
#.........#..... #####
#)#######........###...# #
#...............## #...# #
#########.##...## #...# #
##.###### #...# # ##.#.## #...#


You could see Natasha (resistant) and a cerulean imp (summoned).

Vanquished Creatures
  An iguana (D:2)
  Natasha (D:2)
  2 dart slugs (D:2)
  An orc (D:2)
  4 ball pythons
  5 endoplasms
  2 giant cockroaches (D:1)
  8 goblins
  6 hobgoblins
  2 quokkas (D:1)
  5 bats
  9 frilled lizards
  2 kobolds
  3 rats
51 creatures vanquished.

Vanquished Creatures (collateral kills)
  A dart slug (D:2)
  A bat (D:2)
2 creatures vanquished.

Grand Total: 53 creatures vanquished

Notes
Turn   | Place    | Note
-------+----------+-------------------------------------------
     0 | D:1      | ezpacito the Coglin Chaos Knight began the quest for the
                  | Orb.
     0 | D:1      | Reached XP level 1. HP: 18/18 MP: 1/1
    55 | D:1      | Reached skill level 1 in Dodging
    58 | D:1      | Reached XP level 2. HP: 18/24 MP: 2/2
   245 | D:1      | Reached XP level 3. HP: 29/29 MP: 3/3
   266 | D:1      | XOM: silly message
   431 | D:1      | Found a faded altar of an unknown god.
   722 | D:1      | Reached skill level 1 in Spellcasting
   888 | D:2      | Learned a level 3 spell: Mephitic Cloud
   897 | D:2      | XOM: 1-stop teleportation journey
   906 | D:2      | Reached XP level 4. HP: 33/35 MP: 5/5
  1245 | D:2      | XOM: blink monster(s)
  1282 | D:2      | XOM: polymorph frilled lizard -> iguana
  1296 | D:2      | XOM: divination: detect creatures
  1300 | D:2      | Reached XP level 5. HP: 31/41 MP: 6/6
  1509 | D:2      | XOM: noise
  1528 | D:2      | XOM: polymorph kobold -> bat
  1568 | D:3      | Noticed Natasha
  1568 | D:3      | XOM: confuse monster(s)
  1572 | D:3      | Noticed Grinder
  1576 | D:3      | XOM: enchant monster (good)
  1590 | D:2      | Killed Natasha
  1597 | D:2      | Noticed Natasha
  1612 | D:2      | HP: 2/41 [Natasha (5)]
  1612 | D:2      | Slain by a cerulean imp

Illustrated notes

Levels and vault maps discovered:
D:1:      beargit_arrival_greenhouse, layout_loops_corners,
          dreamdust_ecumenical_altar_angels_and_demons, minmay_ruptured
D:2:      layout_loops_ring, minmay_lizard_pond
D:3:      layout_loops_ring, nicolae_overflow_crystal_walls, uniq_robin,
          uniq_grinder, uniq_natasha, uniq_crazy_yiuf_cottage

Skill      XL: |  1  2  3 |
---------------+----------+-----
Dodging        | 1 |  1.6
Armour         | 2 |  2.2
Spellcasting   | 1 |  1.3
Fighting       | |  3.6
Axes           | |  3.5
Stealth        | |  0.9
Unarmed Combat | |  0.8
Conjurations   | |  0.2
Air Magic      | |  0.7
Alchemy        | |  0.6

Action                     |  1- 3 |  4- 6 || total
---------------------------+-------+-------++-------
  Melee: Hand axe          |    81 |    76 ||   157
    Use: Potion            |       |     2 ||     2
   Stab: Sleeping          |     2 |       ||     2
 Armour: Leather armour    |    43 |    15 ||    58
         Scale mail        |       |    52 ||    52
  Dodge: Dodged            |    47 |    41 ||    88

Table legend: (Time is in decaauts)
 A = Elapsed time spent in this place.
 B = Non-inter-level travel time spent in this place.
 C = Inter-level travel time spent in this place.
 D = Time resting spent in this place.
 E = Time spent auto-exploring this place.
 F = Levels seen in this place.
 G = Mean time per level.
                   A        B        C        D        E       F      G
               +--------+--------+--------+--------+--------+-----+--------+
         Total |   1634 |   1582 |     52 |      0 |   1222 |   3 |  544.7 |
       Dungeon |   1634 |   1582 |     52 |      0 |   1222 |   3 |  544.7 |
               +--------+--------+--------+--------+--------+-----+--------+

Top non-repeatable levels by time:
     D:1: 861 daAuts
     D:2: 765 daAuts
     D:3: 7 daAuts
